 Dungeon Crawl Stone Soup version 0.23-a0-350-g6fd5563 (webtiles) character file.

429 Garbasso the Cudgeler (level 6, 0/37 HPs)
             Began as a Gargoyle Venom Mage on Oct 20, 2018.
             Slain by Eustachio
             ... wielding a +0 rapier
              (3 damage)
             ... on level 4 of the Dungeon.
             The game lasted 00:08:40 (2363 turns).

Garbasso the Cudgeler (Gargoyle Venom Mage)         Turns: 2363, Time: 00:08:41

Health: 0/37       AC:  7    Str: 13    XL:     6   Next: 98%
Magic:  14/18      EV: 12    Int: 16    God:
Gold:   98         SH:  0    Dex: 10    Spells: 3/9 levels left

rFire    . . .     SeeInvis .   b - +3 mace (crush)
rCold    . . .     Gourm    .   (no shield)
rNeg     + . .     Faith    .   a - +1 robe
rPois    ∞         Spirit   .   (no helmet)
rElec    +         Reflect  .   (no cloak)
rCorr    .         Harm     .   (no gloves)
MR       +....                  (no boots)
Stlth    ++........             i - amulet of magic regeneration
HPRegen  0.12/turn              j - ring of magical power
MPRegen  0.41/turn              p - ring of protection from magic

@: about to teleport, very slightly contaminated
A: negative energy resistance 1, electricity resistance, unbreathing,
petrification resistance, rot immunity, AC +4
a: no special abilities


You were on level 4 of the Dungeon.
You were not hungry.

You visited 1 branch of the dungeon, and saw 4 of its levels.

You collected 98 gold pieces.

Inventory:

Hand Weapons
 b - a +3 mace of crushing (weapon)
Armour
 a - a +1 robe (worn)
 o - a cursed +0 chain mail
Jewellery
 i - an amulet of magic regeneration (around neck)
 j - a ring of magical power (left hand)
 p - a ring of protection from magic (right hand)
Scrolls
 e - 2 scrolls of remove curse
 k - a scroll of teleportation
Potions
 d - a potion of magic {unknown}
 f - a potion of agility {unknown}
 g - a potion of flight {unknown}
 h - a potion of degeneration {unknown}
 l - a potion of haste {unknown}
 m - a potion of mutation {unknown}
 n - a potion of berserk rage {unknown}
 r - a potion of curing {unknown}
Comestibles
 c - 2 rations
 q - 5 chunks of flesh


   Skills:
 + Level 3.4 Fighting
 * Level 4.7 Maces & Flails
 - Level 1.5 Dodging
 - Level 2.1 Stealth
 - Level 2.0 Spellcasting
 - Level 1.1 Conjurations
 + Level 4.5 Poison Magic


You had 3 spell levels left.
You knew the following spells:

 Your Spells              Type           Power        Failure   Level  Hunger
a - Sting                 Conj/Pois      ##..         6%          1    #......
b - Poisonous Vapours     Pois/Air       #.....       12%         2    ###....
c - Mephitic Cloud        Conj/Pois/Air  #.......     28%         3    ###....

Your spell library contained the following spells:

 Spells                   Type           Power        Failure   Level  Hunger
 Magic Dart               Conj           #...         13%         1    #......
 Blink                    Tloc           N/A          30%         2    ###....
 Call Imp                 Summ           #.......     30%         2    ###....
 Slow                     Hex            #.......     30%         2    ###....
 Conjure Flame            Conj/Fire      #.......     45%         3    ###....
 Olgreb's Toxic Radiance  Pois           ###.....     32%         4    #####..
 Venom Bolt               Conj/Pois      ##........   87%         5    ######.


Dungeon Overview and Level Annotations

Branches:
Dungeon (4/15)
 Temple: D:4-7

Altars:
Sif Muna

Annotations:
D:4 Eustachio


Innate Abilities, Weirdness & Mutations

You are resistant to torment.
Your stone body is resilient. (AC +4)
You are immune to poison.
You resist negative energy. (rN+)
You are resistant to electric shocks. (rElec)
You can survive without breathing.
You are immune to petrification.
You are immune to rotting.


Message History

* * * LOW HITPOINT WARNING * * *
Eustachio gestures wildly while chanting.
The crimson imp hits you.
* * * LOW HITPOINT WARNING * * *
The river rat bites you but does no damage.
Okay, then.
As you read the scroll of teleportation, it crumbles to dust.
You feel strangely unstable. The orc hits you with a +0 club.
* * * LOW HITPOINT WARNING * * *
Eustachio barely misses you. The river rat closely misses you.
The crimson imp hits you.
* * * LOW HITPOINT WARNING * * *
You hit the orc.
The orc is moderately wounded.
The orc hits you with a +0 club.
* * * LOW HITPOINT WARNING * * *
The crimson imp hits you but does no damage.
The river rat bites you but does no damage.
Eustachio hits you with a +0 rapier.
You die...

#.## #.##.. ....##
#.#..# #.#..# #.#.##
######.##.# #.#.##
#...##)##.# #....#
#.5.##.##.# #....#
######.5.##.##.####....#
......@r5........##.#.##
####.#@##.####..##.#.##
# #o##.......##.#...
#)#######.###.#### #.#
#..##..... #..
###.####### ...
#...)..)... ...
#.##)###### ...# #. #..#
# # ##.# #


You could see Eustachio, an iron imp, a crimson imp, a river rat, an orc and an
ufetubus.

Vanquished Creatures
  2 ogres
  Blork the orc (D:4)
  2 orc wizards (D:4)
  2 worker ants (D:4)
  A hound skeleton (D:3)
  3 adders
  An ooze (D:4)
  A worm (D:2)
  A leopard gecko (D:2)
  3 orcs
  2 ball pythons (D:2)
  8 bats
  6 goblins
  6 hobgoblins
  5 kobolds
  4 rats
48 creatures vanquished.

Notes
Turn   | Place    | Note
-------+----------+-------------------------------------------
     0 | D:1      | Garbasso the Gargoyle Venom Mage began the quest for the
                  | Orb.
     0 | D:1      | Reached XP level 1. HP: 10/10 MP: 3/3
   160 | D:1      | Reached skill level 1 in Maces & Flails
   160 | D:1      | Reached XP level 2. HP: 14/16 MP: 5/5
   164 | D:1      | Learned a level 2 spell: Poisonous Vapours
   660 | D:1      | Reached skill level 1 in Fighting
   782 | D:2      | Found a faded altar of an unknown god.
   955 | D:2      | Reached XP level 3. HP: 20/20 MP: 4/6
  1427 | D:3      | Noticed an ogre
  1440 | D:3      | Killed an ogre
  1440 | D:3      | Reached XP level 4. HP: 26/26 MP: 3/7
  1440 | D:3      | Reached XP level 5. HP: 30/30 MP: 3/8
  1534 | D:3      | Learned a level 3 spell: Mephitic Cloud
  1868 | D:3      | Found a deep blue altar of Sif Muna.
  2047 | D:4      | Noticed Blork the orc
  2058 | D:4      | Killed Blork the orc
  2058 | D:4      | Reached XP level 6. HP: 10/37 MP: 7/9
  2342 | D:4      | Noticed Eustachio
  2363 | D:4      | Slain by Eustachio

Vault maps used:
D:1:      lightli_arrival_flooded_house
D:2:      chequers_ecumenical_altar_lobes
D:3:      led_sif_book
D:4:      tso_altar, first_ration, minmay_goblin_kobold_house, uniq_eustachio,
          uniq_blork_the_orc

Skill      XL: |  1  2  3  4  5 |
---------------+----------------+-----
Maces & Flails | 1 3 4 |  4.7
Fighting       | 1 2 3 |  3.4
Poison Magic   | 4 |  4.5
Dodging        | |  1.5
Stealth        | |  2.1
Spellcasting   | |  2.0
Conjurations   | |  1.1

Action                   |  1- 3 |  4- 6 || total
-------------------------+-------+-------++-------
Melee: Mace              |    53 |    55 ||   108
 Cast: Sting             |    12 |     6 ||    18
       Poisonous Vapours |     5 |    11 ||    16
       Mephitic Cloud    |       |     1 ||     1
  Use: Scroll            |     3 |     4 ||     7
 Stab: Sleeping          |     3 |     1 ||     4
       Confused          |       |     1 ||     1
  Eat: Chunk             |     2 |     2 ||     4
       Ration            |       |     1 ||     1
Armor: Robe              |    15 |    25 ||    40
Dodge: Dodged            |    51 |    35 ||    86

Table legend:
 A = Non-vault XP
 B = Vault XP
 C = Vault XP percentage of total XP
 D = Non-vault monster count
 E = Vault monster count
 F = Vault count percentage of total count
                 A         B        C        D         E       F
            +---------+---------+-------+---------+---------+-------
      Total |     519 |      94 |  15.3 |      47 |       1 |   2.1
            +---------+---------+-------+---------+---------+-------
        D:1 |      23 |       0 |   0.0 |      13 |       0 |   0.0
        D:2 |      38 |       0 |   0.0 |      15 |       0 |   0.0
        D:3 |     170 |       0 |   0.0 |      11 |       0 |   0.0
        D:4 |     288 |      94 |  24.6 |       8 |       1 |  11.1
            +---------+---------+-------+---------+---------+-------
